 Dungeon Crawl Stone Soup version 0.30-a0-726-gd89dcf765f (webtiles) character file.

Game seed: 18236247798491406206

130 Arximoufas the Trooper (level 4, -3/37 HPs)
             Began as a Demonspawn Fighter on Jan 29, 2023.
             Killed from afar by Natasha (9 damage)
             ... with a magic dart
             ... on level 3 of the Dungeon.
             The game lasted 00:03:44 (2337 turns).

Arximoufas the Trooper (Demonspawn Fighter)         Turns: 2337, Time: 00:03:44

Health: -3/37      AC: 11    Str: 18    XL:     4   Next: 90%
Magic:  4/4        EV:  6    Int: 10    God:
Gold:   160        SH:  4    Dex: 12    Spells: 3/3 levels left

rFire   . . .      SeeInvis +    a - +0 war axe
rCold   . . .      Faith    .    c - +0 buckler
rNeg    . . .      Spirit   .    t - +0 chain mail
rPois   .          Reflect  .    (no helmet)
rElec   .          Harm     .    j - +0 cloak
rCorr   .          Rampage  .    (no gloves)
Will    .....                    l - +0 pair of boots Stlth
                                 (no amulet)
HPRegen 0.26/turn                e - ring of see invisible
MPRegen 0.09/turn                (no ring)

@: mighty, studying Earth Magic
A: spiny 1, weakness stinger 2
a: no special abilities


You were on level 3 of the Dungeon.
You visited 1 branch of the dungeon, and saw 3 of its levels.

You collected 160 gold pieces.

Inventory:

Hand Weapons
 a - a +0 war axe (weapon)
Armour
 c - a +0 buckler (worn)
 j - a +0 cloak (worn)
 l - a +0 pair of boots (worn)
 t - a +0 chain mail (worn)
Jewellery
 e - a ring of see invisible (left hand)
Scrolls
 h - a scroll of torment {unknown}
 i - a scroll of teleportation {unknown}
 k - 2 scrolls of identify {unknown}
 n - a scroll of noise {unknown}
 q - a scroll of poison {unknown}
Potions
 d - a potion of might
 f - a potion of flight {unknown}
 g - 5 potions of mutation {unknown}
 m - a potion of haste {unknown}
 o - a potion of ambrosia {unknown}
 p - 2 potions of degeneration {unknown}
 r - a potion of curing {unknown}
 s - 2 potions of cancellation {unknown}


   Skills:
 + Level 3.8 Fighting
 * Level 3.5 Axes
 - Level 2.6 Armour
 + Level 3.4 Shields


You had 3 spell levels left.
You didn't know any spells.
Your spell library was empty.

Dungeon Overview and Level Annotations

Branches:
Dungeon (3/15)

Altars:
Wu Jian
Yredelemnul

Annotations:
D:3 Natasha


Innate Abilities, Weirdness & Mutations

You are partially covered in sharp spines.
You have a tail ending in a sharp stinger.


Message History

You closely miss Natasha. You barely miss the white imp.
Natasha claws you but does no damage.
The white imp hits you but does no damage.
You miss Natasha. You barely miss the white imp.
Natasha claws you but does no damage. The white imp hits you.
The white imp freezes you.
You completely miss Natasha.
You tail-slap Natasha, but do no damage.
You barely miss the white imp. Natasha claws you. The white imp hits you.
The white imp freezes you. Natasha is struck by your spines.
Natasha claws you but does no damage. The white imp gestures at you.
The puff of frost hits you!
You are too injured to fight recklessly!
You are too injured to fight recklessly!
You are too injured to fight recklessly!
You feel very mighty all of a sudden.
Natasha howls an incantation.
You feel troubled. Natasha claws you. The white imp is struck by your spines.
The white imp completely misses you.
You closely miss Natasha.
Natasha is moderately wounded.
You closely miss the white imp. You barely miss the kobold.
You block the kobold's attack. Natasha is struck by your spines.
Natasha claws you but does no damage. The white imp gestures at you.
The puff of frost hits you!
* * * LOW HITPOINT WARNING * * *
The kobold hits you but does no damage.
You hit Natasha.
Natasha is severely wounded.
You slash the white imp!
You kill the white imp!
The white imp disappears in a puff of smoke!
You slash the kobold!
You kill the kobold!
Natasha casts a spell at you. The magic dart hits you!
You die...

#.#.......###..##
#.#.......# ##...
#.#.......# ###.
#.#.......# ##
###'#########
#.......[.. #
#.......... ..
#.$........ #.##
#.@........ . #.
#§h).......
..##.#
#..........
....##
#.......... #...
#.......... #...
#.......... #...
#......... #...
#......... #...
#...


You could see Natasha.

Vanquished Creatures
  Terence (D:3)
  5 adders
  4 bats
  5 endoplasms
  A giant cockroach (D:1)
  3 hobgoblins
  14 jackals
  3 kobolds
  3 quokkas
  2 ball pythons
  7 frilled lizards
  8 goblins
  3 rats
59 creatures vanquished.

Notes
Turn   | Place    | Note
-------+----------+-------------------------------------------
     0 | D:1      | Arximoufas the Demonspawn Fighter began the quest for the
                  | Orb.
     0 | D:1      | Reached XP level 1. HP: 18/18 MP: 1/1
   269 | D:1      | Gained mutation: You have a small tail. [demonic ancestry]
   269 | D:1      | Reached XP level 2. HP: 21/24 MP: 2/2
  1198 | D:2      | Gained mutation: You are partially covered in sharp spines.
                  | [demonic ancestry]
  1198 | D:2      | Reached XP level 3. HP: 21/29 MP: 3/3
  1511 | D:2      | Found an ornate altar of the Wu Jian Council.
  1673 | D:2      | Gained mutation: You have a tail ending in a sharp stinger.
                  | [demonic ancestry]
  1673 | D:2      | Reached XP level 4. HP: 30/35 MP: 4/4
  1826 | D:3      | Found a basalt altar of Yredelemnul.
  1972 | D:3      | Found a faded altar of an unknown god.
  2238 | D:3      | Noticed Terence
  2248 | D:3      | Killed Terence
  2328 | D:3      | Noticed Natasha
  2337 | D:3      | Killed from afar by Natasha

Illustrated notes

Levels and vault maps discovered:
D:1:      saegor_arrival_simple_a, layout_loops_corners, serial_aquarium,
          aquarium_bridge_square [aquarium_subvault_bridge,
          aquarium_subvault_bridge, aquarium_subvault_window,
          aquarium_subvault_window], aquarium_bridge_square
          [aquarium_subvault_wall, aquarium_subvault_bridge,
          aquarium_subvault_bridge, aquarium_subvault_window],
          aquarium_window_fake, aquarium_window_corridor_1, aquarium_view_2c,
          aquarium_balcony_1a, aquarium_pool_four
D:2:      layout_basic, basic_altar
D:3:      layout_basic, mainiacjoe_overflow_chevrons, lemuel_doored_altar,
          shapermc_ecumenical_altar_totnotflames, uniq_natasha, uniq_terence

Skill      XL: |  1  2  3 |
---------------+----------+-----
Axes           | 2 3 |  3.5
Shields        | 3 |  3.4
Fighting       | |  3.8
Armour         | |  2.6

Action                     |  1- 3 |  4- 6 || total
---------------------------+-------+-------++-------
  Melee: War axe           |    86 |    34 ||   120
         Tailslap          |     3 |     3 ||     6
    Use: Potion            |       |     1 ||     1
 Armour: Scale mail        |    47 |    12 ||    59
         Chain mail        |       |     6 ||     6
  Dodge: Dodged            |    52 |    17 ||    69
  Block: Buckler           |    27 |     9 ||    36

Table legend: (Time is in decaauts)
 A = Elapsed time spent in this place.
 B = Non-inter-level travel time spent in this place.
 C = Inter-level travel time spent in this place.
 D = Time resting spent in this place.
 E = Time spent auto-exploring this place.
 F = Levels seen in this place.
 G = Mean time per level.
                   A        B        C        D        E       F      G
               +--------+--------+--------+--------+--------+-----+--------+
         Total |   2385 |   2269 |    116 |     27 |   1889 |   3 |  795.0 |
       Dungeon |   2385 |   2269 |    116 |     27 |   1889 |   3 |  795.0 |
               +--------+--------+--------+--------+--------+-----+--------+

Top non-repeatable levels by time:
     D:1: 1154 daAuts
     D:2: 691 daAuts
     D:3: 539 daAuts
